AoeStats
← ska_18

Arena

509085040Analyzed
3v3 RM · 5d ago on Sep 25, 2026· 41m 29s· 6 players
Game mode
Random Map
Map size
Normal (6 player)
Population
200
Speed
Normal
Resources
Standard
Victory
Conquest
Starting age
Dark Age
Ending age
Imperial Age
RankedLock teamsTeams togetherTeam positionsShared explorationLock speedFull tech treeHidden civsTurbo modeCheats
Victory
Defeat
🇦🇹 Saracens · Austria
922
+14
🇦🇺 Danes · Australia
902
+14
🇨🇳 Portuguese · China
872
+16
🇮🇳 Goths · India
1000
-63
🇮🇳 Franks · India
864
-32
🇮🇳 Japanese · India
736
-10
yjk2535
9:46 Feudal Age
15:12 Castle Age
14:02 Double-Bit Axe
16:18 Horse Collar
17:20 Loom
19:11 Wheelbarrow
18:55 Bow Saw
18:51 Heavy Plow
19:22 Gold Mining
20:28 Stone Mining
22:24 Murder Holes
23:38 Stone Shaft Mining
31:57 Imperial Age
33:43 Chemistry
33:04 Ballistics
36:43 Elite Organ Gun
ska_18
10:12 Feudal Age
12:49 Loom
15:48 Castle Age
17:45 Wheelbarrow
17:50 Town Watch
22:22 Hand Cart
23:14 Fervor
24:35 Sanctity
23:57 Horse Collar
24:03 Double-Bit Axe
24:52 Bow Saw
24:49 Heavy Plow
24:47 Gold Mining
24:47 Stone Mining
26:41 Forging
26:37 Scale Barding Armor
26:22 Fletching
31:05 Imperial Age
30:44 Murder Holes
31:00 Fortified Wall
32:59 Chemistry
32:10 Masonry
32:37 Iron Casting
32:22 Chain Barding Armor
31:58 Bodkin Arrow
32:25 Conscription
31:51 Elite Mameluke
33:03 Bimaristan
33:32 Bloodlines
33:23 Husbandry
32:44 Light Cavalry
34:45 Plate Barding Armor
35:08 Town Patrol
36:13 Blast Furnace
36:18 Siege Engineers
36:34 Ballistics
38:26 Two-Man Saw
38:02 Gold Shaft Mining
38:53 Coinage
38:29 Caravan
38:33 Hussar
39:06 Guard Tower
41:00 Hoardings
41:06 Bracer
nmcdo71
10:42 Feudal Age
12:04 Loom
14:50 Castle Age
12:48 Double-Bit Axe
20:44 Horse Collar
24:40 Bow Saw
26:01 Wheelbarrow
25:12 Town Watch
26:22 Town Patrol
27:20 Arson
27:23 Gambesons
27:43 Squires
27:50 Scale Mail Armor
28:01 Forging
31:28 Imperial Age
29:59 Murder Holes
30:31 Chain Mail Armor
30:51 Iron Casting
30:50 Hand Cart
31:37 Hamask
33:48 Chemistry
33:13 Ballistics
33:00 Siege Engineers
34:39 Heavy Plow
34:32 Gold Mining
34:36 Stone Mining
34:40 Elite Varangian Guard
35:40 Elite Jomsviking
36:42 Conscription
37:10 Gold Shaft Mining
37:37 Plate Mail Armor
37:43 Iron Casting
37:36 Onager
38:13 Northmen's Fury
38:48 Fletching
38:59 Padded Archer Armor
41:11 Siege Onager
FitScroll8712
1:33 Loom
11:49 Feudal Age
12:49 Double-Bit Axe
12:33 Man-at-Arms
12:59 Arson
16:44 Wheelbarrow
23:15 Castle Age
21:38 Gold Mining
21:38 Stone Mining
22:06 Forging
24:30 Scale Mail Armor
24:36 Scale Barding Armor
27:04 Husbandry
30:28 Gold Shaft Mining
42:58 Imperial Age
TrialWater10293
2:32 Loom
11:42 Feudal Age
12:10 Double-Bit Axe
12:31 Man-at-Arms
14:15 Horse Collar
15:58 Forging
16:33 Scale Mail Armor
19:30 Wheelbarrow
20:55 Gold Mining
20:57 Stone Mining
25:04 Castle Age
25:53 Squires
25:14 Long Swordsman
26:32 Iron Casting
26:12 Chain Mail Armor
29:05 Hand Cart
32:42 Husbandry
32:52 Bloodlines
34:06 Anarchy
42:50 Imperial Age
Mohit1239134
10:05 Loom
12:50 Feudal Age
13:21 Horse Collar
13:28 Double-Bit Axe
16:06 Wheelbarrow
15:36 Gold Mining
15:38 Stone Mining
15:43 Man-at-Arms
20:50 Castle Age
23:18 Hand Cart
25:33 Pikeman
25:49 Long Swordsman
31:31 Forging
31:22 Scale Mail Armor
33:04 Iron Casting
Connection lost

Rejoining the realm…

Still unreachable

The connection could not be restored.

Session expired

The server has moved on; the page needs a fresh start.